 Dungeon Crawl Stone Soup version 0.21.1-1-g345015fe64 (webtiles) character file.

220 Hercules1031 the Shield-Bearer (level 5, 0/47 HPs)
             Began as a Gnoll Fighter on June 24, 2018.
             Succumbed to Ijyb's poison
             ... on level 3 of the Dungeon.
             The game lasted 00:04:34 (1870 turns).

Hercules1031 the Shield-Bearer (Gnoll Fighter)      Turns: 1870, Time: 00:04:35

Health: 0/47       AC:  7    Str: 19    XL:     5   Next: 97%
Magic:  7/7        EV:  9    Int: 11    God:
Gold:   113        SH: 10    Dex: 14    Spells: 7/7 levels left

rFire    . . .     SeeInvis .   h - +2 short sword (speed)
rCold    . . .     Gourm    .   c - +0 shield
rNeg     . . .     Faith    .   b - +0 scale mail
rPois    .         Spirit   .   (no helmet)
rElec    .         Reflect  .   (no cloak)
rCorr    .         Harm     .   (no gloves)
MR       .....                  (no boots)
Stlth    +.........             g - amulet of rage
HPRegen  0.15/turn              (no ring)
MPRegen  0.10/turn              (no ring)

@: lethally poisoned (0 -> -44), hasted, very quick
A: distributed training, fangs 1, strong nose
a: Evoke Berserk Rage


You were on level 3 of the Dungeon.
You were not hungry.

You visited 1 branch of the dungeon, and saw 3 of its levels.

You collected 113 gold pieces.

Inventory:

Hand Weapons
 a - a +0 war axe
 h - a +2 short sword of speed (weapon)
Armour
 b - a +0 scale mail (worn)
 c - a +0 shield (worn)
Jewellery
 g - an amulet of rage (around neck)
Scrolls
 e - 2 scrolls of magic mapping {unknown}
 j - 3 scrolls of identify {unknown}
Potions
 d - 2 potions of might
 i - a potion of lignification
Comestibles
 f - 3 rations


   Skills:
 + Level 6.7 Fighting
 + Level 1.6 Short Blades
 + Level 1.6 Long Blades
 + Level 4.8 Axes
 + Level 1.6 Maces & Flails
 + Level 1.6 Polearms
 + Level 1.6 Staves
 + Level 1.6 Slings
 + Level 1.6 Bows
 + Level 1.6 Crossbows
 + Level 1.6 Throwing
 + Level 6.7 Armour
 + Level 1.6 Dodging
 + Level 1.6 Stealth
 + Level 6.7 Shields
 + Level 1.6 Unarmed Combat
 + Level 1.6 Spellcasting
 + Level 1.3 Conjurations
 + Level 1.3 Hexes
 + Level 1.3 Charms
 + Level 1.3 Summonings
 + Level 1.3 Necromancy
 + Level 1.3 Translocations
 + Level 1.3 Transmutations
 + Level 1.3 Fire Magic
 + Level 1.3 Ice Magic
 + Level 1.3 Air Magic
 + Level 1.3 Earth Magic
 + Level 1.3 Poison Magic
 + Level 1.9 Invocations
 + Level 1.6 Evocations


You had 7 spell levels left.
You didn't know any spells.

Dungeon Overview and Level Annotations

Branches:
Dungeon (3/15)

Altars:

Annotations:
D:3 Ijyb


Innate Abilities, Weirdness & Mutations

Your experience applies equally to all skills.
You have very sharp teeth.
Your uncanny sense of smell can sniff out nearby items.


Message History

Ijyb is severely wounded.
* * * LOW HITPOINT WARNING * * *
You feel sick.
You hit Ijyb. You bite Ijyb, but do no damage.
Ijyb is almost dead.
* * * LOW HITPOINT WARNING * * *
You feel sick.
You hit Ijyb but do no damage.
Ijyb is almost dead.
* * * LOW HITPOINT WARNING * * *
You feel sick. Ijyb hits you with a dagger of venom.
* * * LOW HITPOINT WARNING * * *
You are more poisoned.
You closely miss Ijyb.
Ijyb is almost dead.
* * * LOW HITPOINT WARNING * * *
You feel sick.
You hit Ijyb.
Ijyb is almost dead.
You die... ######### #<.@g...# #######.#∆ ∆

You could see Ijyb.

Vanquished Creatures
  4 orc wizards (D:2)
  4 adders (D:2)
  2 oozes
  3 worms (D:2)
  A dart slug (D:1)
  A leopard gecko (D:2)
  An orc (D:2)
  10 bats
  4 giant cockroaches
  4 hobgoblins
  A quokka (D:2)
  7 frilled lizards
  7 goblins
  9 kobolds
  9 rats
67 creatures vanquished.

Notes
Turn   | Place    | Note
-------+----------+-------------------------------------------
     0 | D:1      | Hercules1031 the Gnoll Fighter began the quest for the Orb.
     0 | D:1      | Reached XP level 1. HP: 23/23 MP: 1/1
    43 | D:1      | Reached XP level 2. HP: 28/29 MP: 2/2
   210 | D:1      | Reached XP level 3. HP: 25/35 MP: 3/3
   555 | D:2      | Reached skill level 1 in Short Blades
   555 | D:2      | Reached skill level 1 in Long Blades
   555 | D:2      | Reached skill level 1 in Maces & Flails
   555 | D:2      | Reached skill level 1 in Polearms
   555 | D:2      | Reached skill level 1 in Staves
   555 | D:2      | Reached skill level 1 in Slings
   555 | D:2      | Reached skill level 1 in Bows
   555 | D:2      | Reached skill level 1 in Crossbows
   555 | D:2      | Reached skill level 1 in Throwing
   555 | D:2      | Reached skill level 1 in Dodging
   555 | D:2      | Reached skill level 1 in Stealth
   555 | D:2      | Reached skill level 1 in Unarmed Combat
   555 | D:2      | Reached skill level 1 in Spellcasting
   555 | D:2      | Reached skill level 1 in Invocations
   555 | D:2      | Reached skill level 1 in Evocations
   555 | D:2      | Reached XP level 4. HP: 22/41 MP: 3/5
   557 | D:2      | Reached skill level 1 in Conjurations
   557 | D:2      | Reached skill level 1 in Hexes
   557 | D:2      | Reached skill level 1 in Charms
   557 | D:2      | Reached skill level 1 in Summonings
   557 | D:2      | Reached skill level 1 in Necromancy
   557 | D:2      | Reached skill level 1 in Translocations
   557 | D:2      | Reached skill level 1 in Transmutations
   557 | D:2      | Reached skill level 1 in Fire Magic
   557 | D:2      | Reached skill level 1 in Ice Magic
   557 | D:2      | Reached skill level 1 in Air Magic
   557 | D:2      | Reached skill level 1 in Earth Magic
   557 | D:2      | Reached skill level 1 in Poison Magic
   559 | D:2      | Reached XP level 5. HP: 7/47 MP: 3/7
  1837 | D:3      | Noticed Ijyb
  1844 | D:3      | Paralysed by Ijyb for 4 turns
  1862 | D:3      | Paralysed by Ijyb for 2 turns
  1869 | D:3      | HP: 2/47 [poisoned by Ijyb]
  1870 | D:3      | Succumbed to Ijyb's poison

Skill      XL: |  1  2  3  4 |
---------------+-------------+-----
Short Blades   | 1 |  1.6
Long Blades    | 1 |  1.6
Maces & Flails | 1 |  1.6
Polearms       | 1 |  1.6
Staves         | 1 |  1.6
Slings         | 1 |  1.6
Bows           | 1 |  1.6
Crossbows      | 1 |  1.6
Throwing       | 1 |  1.6
Dodging        | 1 |  1.6
Stealth        | 1 |  1.6
Unarmed Combat | 1 |  1.6
Spellcasting   | 1 |  1.6
Invocations    | 1 |  1.9
Evocations     | 1 |  1.6
Conjurations   | 1 |  1.3
Hexes          | 1 |  1.3
Charms         | 1 |  1.3
Summonings     | 1 |  1.3
Necromancy     | 1 |  1.3
Translocations | 1 |  1.3
Transmutations | 1 |  1.3
Fire Magic     | 1 |  1.3
Ice Magic      | 1 |  1.3
Air Magic      | 1 |  1.3
Earth Magic    | 1 |  1.3
Poison Magic   | 1 |  1.3
Fighting       | |  6.7
Axes           | |  4.8
Armour         | |  6.7
Shields        | |  6.7

Action                   |  1- 3 |  4- 6 || total
-------------------------+-------+-------++-------
Melee: War axe           |    64 |    18 ||    82
       Bite              |     3 |    22 ||    25
       Short sword       |       |   128 ||   128
  Use: Potion            |     2 |     3 ||     5
       Scroll            |       |     1 ||     1
  Eat: Ration            |       |     1 ||     1
Armor: Scale mail        |    39 |    46 ||    85
Dodge: Dodged            |    29 |    27 ||    56
Block: Shield            |    49 |    65 ||   114
